 Dungeon Crawl Stone Soup version 0.31.0-12-g77e489cdc1 (webtiles) character file.

Game seed: 477171028936242224

5065 dsb3zz the Spear-Bearer (level 10, -11/88 HPs)
             Began as a Minotaur Fighter on Feb 20, 2024.
             Engulfed by a cloud of flame (17 damage)
             ... on level 9 of the Dungeon.
             The game lasted 00:58:10 (8262 turns).

dsb3zz the Spear-Bearer (Minotaur Fighter)          Turns: 8262, Time: 00:58:13

Health: -11/88     AC: 25    Str: 31    XL:     10   Next: 31%
Magic:  9/9        EV:  9    Int:  5    God:
Gold:   109        SH:  6    Dex: 19    Spells: 9/9 levels left

rFire   . . .        a - +0 trident
rCold   x . .        c - +0 buckler
rNeg    . . .        i - +2 plate armour
rPois   .            (helmet restricted)
rElec   .            y - +0 cloak
rCorr   +            X - +1 pair of gloves "Haofiy" {rC- rCorr Dex+9}
SInv    .            s - +0 pair of boots
Will    .....        j - amulet of faith Stlth
                     C - +6 ring of strength
HPRegen 0.34/turn    U - +4 ring of protection
MPRegen 0.11/turn

%: faith
@: no status effects
A: horns 2, retaliatory headbutt
a: no special abilities


You were on level 9 of the Dungeon.
You visited 1 branch of the dungeon, and saw 9 of its levels.

You collected 580 gold pieces.
You spent 471 gold pieces at shops.

Inventory:

Hand Weapons
 a - a +0 trident (weapon)
 L - a +3 sling of freezing
 O - a +1 antimagic dagger
 Q - a +1 whip of venom
Missiles
 e - 130 stones
 r - 5 curare-tipped darts
 u - 14 poisoned darts
Armour
 c - a +0 buckler (worn)
 i - a +2 plate armour (worn)
 k - a scarf of resistance
 s - a +0 pair of boots (worn)
 y - a +0 cloak (worn)
 z - the +1 chain mail "Guamin" {rPois Will- Str+3 Stlth+}
   (You took it off an orc priest on level 8 of the Dungeon)

   Str+3:     It affects your strength (+3).
   rPois:     It protects you from poison Will-: It decreases your willpower.
   Stlth+:    It makes you more stealthy.
 N - a +4 ring mail of fire resistance
 X - the +1 pair of gloves "Haofiy" (worn) {rC- rCorr Dex+9}
   (You found it on level 7 of the Dungeon)

   Dex+9:     It affects your dexterity (+9).
   rC-:       It makes you vulnerable to cold.
   rCorr:     It protects you from acid and corrosion.
Jewellery
 b - a +6 ring of dexterity
 j - an amulet of faith (around neck)
 n - a +6 ring of strength
 C - a +6 ring of strength (left hand)
 U - a +4 ring of protection (right hand)
Talismans
 g - a serpent talisman
Wands
 E - a wand of paralysis (8)
 R - a wand of flame (31)
 S - a wand of quicksilver (10)
Scrolls
 h - a scroll of noise {unknown}
 l - 2 scrolls of fear
 m - a scroll of poison {unknown}
 p - 3 scrolls of teleportation
 q - 2 scrolls of blinking
 x - a scroll of torment {unknown}
 B - a scroll of immolation
 F - a scroll of summoning {unknown}
 G - a scroll of silence {unknown}
 I - a scroll of vulnerability
 J - a scroll of fog {unknown}
 K - 2 scrolls of revelation
Potions
 d - a potion of might
 f - 4 potions of heal wounds
 o - a potion of berserk rage {unknown}
 t - a potion of invisibility {unknown}
 v - 2 potions of attraction
 w - 2 potions of haste
 A - a potion of mutation {unknown}
 D - 2 potions of curing
 H - a potion of magic {unknown}
 M - a potion of lignification {unknown}
 P - a potion of cancellation {unknown}
 Z - a potion of brilliance {unknown}


   Skills:
 + Level 8.2 Fighting
 + Level 12.1 Polearms
 + Level 0.3 Throwing
 + Level 10.0 Armour
 + Level 2.1 Dodging
 + Level 1.1 Stealth
 + Level 7.3 Shields


You had 9 spell levels left.
You didn't know any spells.
Your spell library contained the following spells:

 Spells                   Type           Power      Damage    Failure   Level
 Blink                    Tloc           0%         N/A       99%         2
 Lesser Beckoning         Tloc           0%         N/A       99%         2
 Momentum Strike          Conj/Tloc      0%         3d8       99%         2
 Summon Ice Beast         Ice/Summ       0%         N/A       100%        3
 Cause Fear               Hex            0%         N/A       100%        4
 Fireball                 Conj/Fire      0%         3d3       100%        5
 Summon Mana Viper        Hex/Summ       0%         N/A       100%        5
 Monstrous Menagerie      Summ           0%         N/A       100%        7
 Dragon's Call            Summ           0%         N/A       100%        9


Dungeon Overview and Level Annotations

Branches:
Dungeon (9/15)             Temple (0/1) D:5
   Lair: D:8-11         Orc: D:9-12

Altars:
Kikubaaqudgha
Trog
Vehumet
The Shining One

Shops:
D:4 *?[::   D:6 *   D:7 [[?=!

Annotations:
D:5 exclusion: statue


Innate Abilities, Weirdness & Mutations

You have a pair of horns on your head.
You reflexively headbutt those who attack you in melee.


Message History

The polar bear barely misses you.
The polar bear claws you but does no damage. x2
You barely miss the polar bear.
The polar bear is severely wounded.
The wolf closely misses you. You furiously retaliate!
You headbutt the wolf! You block the polar bear's attack.
The polar bear claws you.
The polar bear claws you but does no damage.
You hit the polar bear.
The polar bear is almost dead.
The wolf barely misses you. You block the polar bear's attack.
The polar bear barely misses you.
The polar bear claws you but does no damage.
You puncture the polar bear!
The polar bear is almost dead.
You block the wolf's attack. The polar bear bites you.
The polar bear claws you. You block the polar bear's attack.
As you read the scroll of immolation, it crumbles to dust.
The creatures around you are filled with an inner flame!
The wolf bites you but does no damage. The polar bear bites you!!
The polar bear closely misses you. You block the polar bear's attack.
The wolf bites you but does no damage.
You puncture the polar bear!
The polar bear explodes!
The fiery explosion engulfs you!
The fiery explosion engulfs the wolf!!!
The fiery explosion engulfs the centaur!!!
The fiery explosion engulfs the wolf!!
The fiery explosion engulfs the ice beast!!!
The ice beast melts!
The ice beast explodes!
The fiery explosion engulfs the rime drake!!
Flame seeps out of the rime drake.
The rime drake is severely wounded.
The wolf explodes!
The fiery explosion engulfs you!!
* * * LOW HITPOINT WARNING * * *
The centaur explodes!
The fiery explosion engulfs the rime drake!!
The rime drake explodes!
The wolf explodes!
You are engulfed in blazing flames.
You die...

###......#.
#.....#...k
#........#
#.....#..#
#§§#....Y#.
#§§§......#
#§§§.......
########
#####§§§......#
.......#
#...@§####.....
..<....# #...§§#
##... .......#
#.....# #. .......#
#.....#
.......######.....#
#######...........#
#......######
#..<...# #......#


There were no monsters in sight!

Vanquished Creatures
  A hydra (D:8)
  A centaur warrior (D:8)
  A rime drake (D:9)
  A gargoyle (D:8)
  A polar bear (D:9)
  A hornet (D:8)
  A wyvern (D:8)
  Eustachio (D:6)
  Duvessa (D:6)
  3 water moccasins
  5 ice beasts
  A sky beast (D:8)
  3 black bears
  A laughing skull (D:8)
  2 wolves (D:9)
  2 ogres
  3 centaurs
  A kobold brigand (D:8)
  2 bullfrogs (D:8)
  Blork the orc (D:6)
  A scorpion (D:6)
  4 wights (D:7)
  Dowan (D:6)
  2 howler monkeys
  2 jellies
  A bombardier beetle (D:4)
  Crazy Yiuf (D:6)
  6 orc priests
  A gnoll bouda (D:6)
  6 hounds
  2 sleepcaps (D:6)
  An iguana (D:6)
  6 orc wizards
  4 gnolls (D:6)
  5 adders
  A shadow imp (D:7)
  2 ufetubi (D:5)
  28 orcs
  6 endoplasms
  A giant cockroach (D:3)
  3 goblins
  7 hobgoblins
  3 jackals (D:2)
  4 quokkas
  6 ball pythons
  2 bats (D:1)
  5 frilled lizards
  14 kobolds
  2 rats (D:3)
160 creatures vanquished.

Notes
Turn   | Place    | Note
-------+----------+-------------------------------------------
     0 | D:1      | dsb3zz the Minotaur Fighter began the quest for the Orb.
     0 | D:1      | Reached XP level 1. HP: 19/19 MP: 0/0
   119 | D:1      | Reached XP level 2. HP: 23/27 MP: 1/1
   744 | D:2      | Reached XP level 3. HP: 34/34 MP: 2/2
  1072 | D:3      | Reached skill level 3 in Polearms
  1957 | D:3      | Reached XP level 4. HP: 40/41 MP: 3/3
  2026 | D:4      | Reached skill level 4 in Polearms
  2118 | D:4      | Reached XP level 5. HP: 47/47 MP: 4/4
  2122 | D:4      | Found Moabuc's Book Shop.
  2122 | D:4      | Found a bloodstained altar of Trog.
  2137 | D:4      | Found a glowing golden altar of the Shining One.
  2188 | D:4      | Found Jupeva Xod's Armour Shoppe.
  2273 | D:4      | Found Gecoi's Book Shop.
  2319 | D:4      | Noticed an ogre
  2325 | D:4      | Killed an ogre
  2326 | D:4      | Reached skill level 5 in Fighting
  2326 | D:4      | Reached skill level 5 in Polearms
  2326 | D:4      | Reached skill level 1 in Dodging
  2516 | D:4      | Reached XP level 6. HP: 56/56 MP: 5/5
  2518 | D:4      | Found Edeol's Magic Scroll Emporium.
  2524 | D:4      | Found Ynyherr's General Store.
  2526 | D:4      | Bought a scroll of enchant armour for 105 gold pieces
  2535 | D:4      | Bought a potion of curing for 36 gold pieces
  2775 | D:5      | Entered Level 5 of the Dungeon
  2784 | D:5      | Reached skill level 5 in Armour
  2972 | D:5      | Noticed a water moccasin
  2973 | D:5      | Noticed an ice beast
  2985 | D:5      | Killed a water moccasin
  2986 | D:5      | Reached XP level 7. HP: 35/61 MP: 6/6
  2991 | D:5      | Reached skill level 6 in Polearms
  3091 | D:5      | Reached skill level 5 in Shields
  3216 | D:5      | Found a radiant altar of Vehumet.
  3232 | D:5      | Found a staircase to the Ecumenical Temple.
  3538 | D:5      | Reached skill level 7 in Polearms
  4029 | D:6      | Noticed Duvessa
  4029 | D:6      | Noticed Dowan
  4032 | D:6      | Killed Dowan
  4044 | D:6      | Killed Duvessa
  4045 | D:6      | Reached XP level 8. HP: 9/70 MP: 7/7
  4906 | D:6      | Reached skill level 8 in Polearms
  4944 | D:6      | Noticed Blork the orc
  4946 | D:6      | Noticed Eustachio
  4950 | D:6      | Killed Blork the orc
  4972 | D:6      | Killed Eustachio
  4982 | D:6      | Found Vecymul's General Store.
  5235 | D:6      | Found an ancient bone altar of Kikubaaqudgha.
  5378 | D:6      | Found a runed translucent door.
  5379 | D:6      | Noticed Crazy Yiuf
  5388 | D:6      | Killed Crazy Yiuf
  5389 | D:6      | Reached skill level 9 in Polearms
  5684 | D:7      | Found Dyno's Distillery.
  5699 | D:7      | Found Sophul's Jewellery Shop.
  6153 | D:7      | Identified the +1 pair of gloves "Haofiy" {rC- rCorr Dex+9}
  6250 | D:7      | Found Joihu's Antique Armour Boutique.
  6285 | D:7      | Bought a serpent talisman for 330 gold pieces
  6434 | D:7      | Reached XP level 9. HP: 79/79 MP: 8/8
  6502 | D:7      | Found Nest's Antique Armour Shop.
  6506 | D:7      | Found Rietoyh's Magic Scroll Emporium.
  6985 | D:8      | Reached skill level 1 in Stealth
  7137 | D:8      | Reached skill level 10 in Polearms
  7169 | D:8      | Identified the +1 chain mail "Guamin" {rPois Will- Str+3
                  | Stlth+}
  7267 | D:8      | Noticed a gargoyle
  7278 | D:8      | Killed a gargoyle
  7279 | D:8      | Reached skill level 11 in Polearms
  7286 | D:8      | Noticed a four-headed hydra
  7300 | D:8      | Killed a four-headed hydra
  7301 | D:8      | Reached XP level 10. HP: 18/88 MP: 9/9
  7527 | D:8      | Noticed a centaur warrior
  7538 | D:8      | Killed a centaur warrior
  7707 | D:8      | Reached skill level 12 in Polearms
  7931 | D:8      | Reached skill level 10 in Armour
  8262 | D:9      | Engulfed by a cloud of flame

Illustrated notes

Levels and vault maps discovered:
D:1:      psy_arrival_terrarium, layout_loops_cross
D:2:      layout_rooms, fountainhead
D:3:      layout_basic, grunt_decor_mini_mirrors, minmay_ruptured
D:4:      layout_basic, grunt_temple_overflow_open, serial_shops,
          nicolae_shop_tiny_glass, nicolae_shop_stone, nicolae_lakefront_shop,
          nicolae_shop_crystal, shop, minmay_misc_feat_iff, minivault_19
D:5:      layout_cave_pods, vehumet_statue, minmay_temple_entry_arrows,
          serial_column_ruins, column_ruins_grid_3,
          column_ruins_columns_dead_end, column_ruins_open_tiny,
          column_ruins_grid_1, column_ruins_columns_corner
D:6:      layout_layer_cave, mainiacjoe_overflow_alcove_4, serial_shops, shop,
          kennysheep_generic_room_16, uniq_duvessa, uniq_blork_the_orc,
          uniq_eustachio, uniq_crazy_yiuf_cottage
D:7:      layout_cave_pools, serial_shops, shop, shop_fountains, shop,
          nicolae_stop_n_shop_1, shop, minivault_25, kennysheep_donut
D:8:      layout_rooms, wad_mini_maze
D:9:      layout_gridville, hellmonk_lair_entry_icy

Skill      XL: |  1  2  3  4  5  6  7  8  9 10 |
---------------+-------------------------------+-----
Shields        | 4 5 6 7 |  7.3
Fighting       | 4 5 6 7 8 |  8.2
Armour         | 4 5 6 8 9 10 | 10.0
Polearms       | 3 4 5 7 9 11 12 | 12.1
Dodging        | 1 2 |  2.1
Stealth        | 1 |  1.1
Throwing       | |  0.3

Action                     |  1- 3 |  4- 6 |  7- 9 | 10-12 || total
---------------------------+-------+-------+-------+-------++-------
  Melee: Trident           |   101 |    94 |   284 |    64 ||   543
         Headbutt          |    15 |     8 |    42 |     7 ||    72
  Throw: Throwing net      |       |       |     1 |       ||     1
    Use: Scroll            |       |       |     6 |     6 ||    12
 Armour: Scale mail        |    24 |       |       |       ||    24
         Plate armour      |    43 |    89 |   155 |    53 ||   340
  Dodge: Dodged            |    35 |    32 |    68 |    25 ||   160
  Block: Buckler           |    24 |    25 |    44 |    29 ||   122
